 Dungeon Crawl Stone Soup version 0.25.0-15-gac7dcb8919 (webtiles) character file.

Game seed: 16535249240702408629

676 lepoulpe303 the Magician (level 7, -1/32 HPs)
             Began as a Spriggan Earth Elementalist on June 29, 2020.
             Was an Initiate of Vehumet.
             Slain by a killer bee (6 damage)
             ... on level 5 of the Dungeon.
             The game lasted 00:17:13 (5379 turns).

lepoulpe303 the Magician (SpEE)                     Turns: 5379, Time: 00:17:14

Health: -1/32      AC:  5    Str:  2 (4)  XL:     7   Next: 33%
Magic:  15/16      EV: 20    Int: 17 (18) God:    Vehumet [......]
Gold:   255        SH:  0    Dex: 15 (17) Spells: 2/17 levels left

rFire    x . .     SeeInvis +   a - +1 dagger (venom)
rCold    + . .     Gourm    .   (shield restricted)
rNeg     . . .     Faith    .   c - +0 robe
rPois    .         Spirit   .   B - +2 hat
rElec    .         Reflect  .   x - +0 cloak
rCorr    +         Harm     .   (gloves unavailable)
MR       +....                  (boots unavailable)
Stlth    +++.......             (no amulet)
HPRegen  0.10/turn              C - ring of resist corrosion
MPRegen  0.15/turn              r - ring of ice {rC+, rF-}

@: lethally poisoned (-1 -> -12), studying Maces & Flails, very quick
A: very small, unfitting armour, see invisible, herbivore, speed 3, slow
metabolism 2
a: Renounce Religion


You were on level 5 of the Dungeon.
You worshipped Vehumet.
Vehumet was noncommittal.
You were not hungry.

You visited 1 branch of the dungeon, and saw 5 of its levels.

You collected 299 gold pieces.
You spent 44 gold pieces at shops.

Inventory:

Hand Weapons
 a - a +1 dagger of venom (weapon)
Missiles
 b - 5 poisoned darts (quivered)
 Q - 149 stones
Armour
 c - a +0 robe (worn)
 x - a +0 cloak (worn)
 B - a +2 hat (worn)
Magical Staves
 m - an uncursed staff of conjuration {unknown}
Jewellery
 r - a ring of ice (right hand) {rC+, rF-}
 y - an uncursed ring of protection from cold {unknown}
 C - a ring of resist corrosion (left hand)
Wands
 o - a wand of clouds (3)
Scrolls
 d - 4 scrolls of enchant armour
 k - 2 scrolls of enchant weapon
 n - a scroll of amnesia {unknown}
 p - a scroll of magic mapping {unknown}
 t - 3 scrolls of teleportation
 w - 5 scrolls of remove curse
Potions
 f - a potion of resistance {unknown}
 h - a potion of brilliance {unknown}
 i - a potion of berserk rage {unknown}
 j - 2 potions of degeneration {!q}
 l - a potion of cancellation {unknown}
 q - 2 potions of invisibility {unknown}
 s - a potion of stabbing {unknown}
 u - a potion of haste {unknown}
 v - a potion of flight {unknown}
 z - a potion of ambrosia {unknown}
Books
 A - a manual of Maces & Flails {!d}
Comestibles
 e - 9 rations


   Skills:
 + Level 0.7 Fighting
 + Level 1.1 Short Blades
 + Level 5.1 Dodging
 + Level 5.4 Stealth
 * Level 5.7 Spellcasting
 + Level 3.7 Transmutations
 * Level 4.5 Earth Magic


You had 2 spell levels left.
You knew the following spells:

 Your Spells              Type           Power        Failure   Level  Hunger
a - Sandblast             Erth           ###...       1%          1    None
c - Petrify               Tmut/Erth      ###.....     24%         4    ####...
w - Passwall              Tmut/Erth      ###.....     3%          2    #......
x - Stone Arrow           Conj/Erth      ##....       16%         3    ##.....
z - Lee's Rapid Deconstr  Erth           ###.......   50%         5    ######.

Your spell library contained the following spells:

 Spells                   Type           Power        Failure   Level  Hunger


Dungeon Overview and Level Annotations

Branches:
Dungeon (5/15)             Temple (0/1) D:4

Altars:
Cheibriados
Makhleb
Okawaru
Qazlal
Vehumet
Yredelemnul

Shops:
D:4 ?   D:5 (%*!

Annotations:
D:5 1 transporter, harkrass's ghost, novice GrEE


Innate Abilities, Weirdness & Mutations

You are very small and have problems with some larger weapons.
You are too small for most types of armour.
You have supernaturally acute eyesight. (SInv)
You are a herbivore.
You cover ground extremely quickly.
You need to consume almost no food.


Message History

You take 10 damage, and have 15/32 hp.
MASSIVE DAMAGE!!
You now have 15/16 mp.
Unknown command.
You closely miss the killer bee.
You feel sick. The killer bee closely misses you. The killer bee misses you.
The killer bee stings you!
* * * LOW HITPOINT WARNING * * *
The killer bee closely misses you.
The killer bee buzzes angrily.
You take 9 damage, and have 6/32 hp.
MASSIVE DAMAGE!!
It was a potion of degeneration.
There was something very wrong with that liquid.
You feel weakened.
You feel dopey.
You feel clumsy.
* * * LOW HITPOINT WARNING * * *
You feel sick. The killer bee barely misses you. The killer bee stings you.
You die...

.♣#.#..#####?y©$.#####...#
......###...#...#...###..#
♣∩♣#..##..#..###.y#.W##†.#
..##..###...#...#.#%###..#
#♣##...# ###.$#y.#####...#
##.###.#.#..%#...###..#
#.##..#..###.?#..##..#
#.###...#.yy#y..###..#
#..#####.yyy@#####...#
##..#############....#
##.......©.........##
########.........##
###########


You could see 6 killer bees.

Levels and vault maps discovered:
D:1:      dpeg_arrival_subterranean_lakeside_camping, layout_basic
D:2:      layout_loops_corners, minivault_19, makhleb_altar_promises_db,
          uniq_robin
D:3:      layout_basic, grunt_temple_overflow_diamond,
          lemuel_coloured_pillars_altar
D:4:      layout_loops_ring, kennysheep_mini_moat, minmay_temple_entry_fiery,
          first_ration, serial_shops, nicolae_shop_trees,
          uniq_crazy_yiuf_cottage
D:5:      layout_basic, gammafunk_ghost_hive, serial_shops, nicolae_shop_trees,
          shop, nicolae_shop_trees, shop_statue, roderic_lattice_a,
          minmay_manual_monstrance, uniq_grinder

Notes
Turn   | Place    | Note
-------+----------+-------------------------------------------
     0 | D:1      | lepoulpe303 the Spriggan Earth Elementalist began the quest
                  | for the Orb.
     0 | D:1      | Reached XP level 1. HP: 9/9 MP: 5/5
    13 | D:1      | Identified a +1 hat (You found it on level 1 of the
                  | Dungeon)
   121 | D:1      | Identified a +0 club
   125 | D:1      | Reached skill level 3 in Spellcasting
   156 | D:1      | Reached XP level 2. HP: 13/13 MP: 5/7
   160 | D:1      | Learned a level 2 spell: Passwall
   333 | D:1      | Identified a +0 club
   599 | D:1      | Reached skill level 3 in Earth Magic
   609 | D:1      | Identified a +0 short sword (You found it on level 1 of the
                  | Dungeon)
   887 | D:1      | Identified a +0 club
  1169 | D:2      | Reached XP level 3. HP: 16/16 MP: 8/8
  1174 | D:2      | Learned a level 3 spell: Stone Arrow
  1629 | D:2      | Identified 4 scrolls of enchant armour
  1684 | D:2      | Identified a +0 club
  1774 | D:2      | Found a burning altar of Makhleb.
  1775 | D:2      | Identified a +0 dagger
  1778 | D:2      | Identified a +0 demon whip of electrocution
  1778 | D:2      | Noticed a balrug
  1859 | D:2      | Identified a +0 club
  1985 | D:2      | Identified a +0 spear
  1985 | D:2      | Identified a +0 animal skin
  1985 | D:2      | Identified a +0 helmet
  1985 | D:2      | Noticed Robin
  1985 | D:2      | Identified a +0 club
  1985 | D:2      | Identified a +0 club
  1985 | D:2      | Identified a +0 dagger
  1986 | D:2      | Identified a +0 dagger
  2032 | D:2      | Killed Robin
  2032 | D:2      | Reached skill level 2 in Transmutations
  2032 | D:2      | Reached XP level 4. HP: 14/21 MP: 8/10
  2185 | D:2      | Learned a level 4 spell: Petrify
  2218 | D:2      | Reached skill level 4 in Stealth
  2218 | D:2      | Reached skill level 4 in Spellcasting
  2273 | D:2      | Identified a +0 club
  2273 | D:2      | Identified a +0 hunting sling
  2298 | D:2      | Identified 2 scrolls of remove curse
  2299 | D:2      | Identified a ring of resist corrosion (You found it on
                  | level 2 of the Dungeon)
  2557 | D:2      | Identified a cursed +0 club
  2591 | D:3      | Identified a +0 club
  2691 | D:3      | Identified a +0 club
  2890 | D:3      | Identified a +0 club
  2937 | D:3      | Identified a ring of ice (You found it on level 3 of the
                  | Dungeon)
  3057 | D:3      | Found a radiant altar of Vehumet.
  3061 | D:3      | Became a worshipper of Vehumet
  3065 | D:3      | Found a basalt altar of Yredelemnul.
  3068 | D:3      | Found a snail-covered altar of Cheibriados.
  3188 | D:3      | Identified a +0 club
  3188 | D:3      | Identified a +0 hunting sling
  3207 | D:3      | Found an iron altar of Okawaru.
  3373 | D:4      | Reached skill level 4 in Dodging
  3536 | D:4      | Reached XP level 5. HP: 20/24 MP: 7/12
  3610 | D:4      | Found a stormy altar of Qazlal.
  3632 | D:4      | Identified a +0 giant spiked club
  3632 | D:4      | Noticed an ogre
  3652 | D:4      | Killed an ogre
  3704 | D:4      | Reached skill level 3 in Transmutations
  3704 | D:4      | Reached XP level 6. HP: 28/28 MP: 9/14
  3736 | D:4      | Reached skill level 5 in Spellcasting
  3736 | D:4      | Reached skill level 4 in Earth Magic
  3751 | D:4      | Identified 2 scrolls of enchant weapon
  3847 | D:4      | Found Fuhunas's Magic Scroll Emporium.
  3882 | D:4      | Found a staircase to the Ecumenical Temple.
  3915 | D:4      | Reached skill level 5 in Stealth
  4057 | D:4      | Found a runed translucent door.
  4058 | D:4      | Identified a +4 quarterstaff of chaos
  4058 | D:4      | Identified a +0 cloak
  4058 | D:4      | Noticed Crazy Yiuf
  4065 | D:4      | Killed Crazy Yiuf
  4323 | D:5      | Entered Level 5 of the Dungeon
  4323 | D:5      | Found Xiemubb's Food Shop.
  4430 | D:5      | Found a transporter.
  4434 | D:5      | Found a transporter.
  4435 | D:5      | Noticed harkrass's ghost (novice GrEE)
  4480 | D:5      | Found Isuudd's Assorted Antiques.
  4623 | D:5      | Learned a level 5 spell: Lee's Rapid Deconstruction
  4642 | D:5      | Noticed Grinder
  4653 | D:5      | Killed Grinder
  4653 | D:5      | Reached skill level 1 in Short Blades
  4653 | D:5      | Reached skill level 5 in Dodging
  4653 | D:5      | Reached XP level 7. HP: 9/32 MP: 8/16
  5083 | D:5      | Found Luqyu's Weapon Shoppe.
  5090 | D:5      | Bought a +0 dagger of venom for 44 gold pieces
  5188 | D:5      | Found Ganuinon's Distillery.
  5316 | D:5      | Identified 4 scrolls of teleportation
  5378 | D:5      | HP: 6/32 [killer bee (8)]
  5379 | D:5      | Identified 3 potions of degeneration
  5379 | D:5      | Slain by a killer bee

Table legend:
 A = Turns spent in this place as a percentage of turns spent in the entire game.
 B = Non-inter-level travel turns spent in this place as a percentage of non-inter-level travel turns spent in the entire game.
 C = Inter-level travel turns spent in this place as a percentage of turns spent in this place.
 D = Turns resting spent in this place as a percentage of non-inter-level travel turns spent in this place.
 E = Turns spent auto-exploring this place as a percentage of non-inter-level travel turns spent in this place.
 F = Non-inter-level travel turns spent in this place divided by the number of levels of this place that you've seen.
                   A       B       C       D       E      F
               +-------+-------+-------+-------+-------+----------------------
         Total | 100.0 | 100.0 |   3.8 |  13.0 |  67.7 | 1034.8
       Dungeon | 100.0 | 100.0 |   3.8 |  13.0 |  67.7 | 1034.8
               +-------+-------+-------+-------+-------+----------------------

Table legend:
 A = Kills in this place as a percentage of kills in entire the game.
 B = Kills by you in this place as a percentage of kills by you in the entire game.
 C = Kills by friends in this place as a percentage of kills by friends in the entire game.
 D = Other kills in this place as a percentage of other kills in the entire game.
 E = Experience gained in this place as a percentage of experience gained in the entire game.
 F = Experience gained in this place divided by the number of levels of this place that you have seen.
                   A       B       C       D       E      F
               +-------+-------+-------+-------+-------+----------------------
         Total | 100.0 | 100.0 |   N/A |   N/A | 100.0 | 193.4
       Dungeon | 100.0 | 100.0 |   N/A |   N/A | 100.0 | 193.4
               +-------+-------+-------+-------+-------+----------------------

Skill      XL: |  1  2  3  4  5  6 |
---------------+-------------------+-----
Spellcasting   | 3 4 5 |  5.7
Earth Magic    | 3 4 |  4.5
Transmutations | 2 3 |  3.7
Stealth        | 4 5 |  5.4
Dodging        | 4 5 |  5.1
Short Blades   | 1 |  1.1
Fighting       | |  0.7

Action                   |  1- 3 |  4- 6 |  7- 9 || total
-------------------------+-------+-------+-------++-------
Melee: Short sword       |    56 |    72 |       ||   128
       Unarmed           |     3 |       |       ||     3
       Dagger            |       |       |     5 ||     5
Throw: Dart              |    50 |    45 |     3 ||    98
       Stone             |       |     4 |       ||     4
 Cast: Sandblast         |    28 |    45 |     3 ||    76
  Use: Scroll            |     1 |     2 |     2 ||     5
       Potion            |       |       |     1 ||     1
 Stab: Sleeping          |     3 |     4 |     1 ||     8
  Eat: Ration            |       |     1 |       ||     1
Armor: Robe              |    13 |     9 |     1 ||    23
Dodge: Dodged            |    66 |    73 |    12 ||   151

Vanquished Creatures
  Grinder (D:5)
  An ogre (D:4)
  A howler monkey (D:4)
  A bullfrog skeleton (D:5)
  A jelly (D:4)
  Crazy Yiuf (D:4)
  A hound (D:4)
  3 worker ants
  Robin (D:2)
  7 adders
  3 dart slugs
  A worm (D:5)
  2 leopard geckos
  An orc (D:3)
  A ball python (D:2)
  5 bats
  4 giant cockroaches
  13 goblins
  10 hobgoblins
  8 jackals
  5 kobolds
  2 quokkas (D:2)
  4 frilled lizards
  A quokka skeleton (D:2)
  10 rats
88 creatures vanquished.
